 Dungeon Crawl Stone Soup version 0.29.0-4-gdea44cf6ec (webtiles) character file.

Game seed: 14797896136279794880

40 qw the Chopper (level 3, 0/21 HPs)
             Began as a Tengu Warper on Aug 28, 2022.
             Slain by a worm (9 damage)
             ... on level 2 of the Dungeon.
             The game lasted 00:00:06 (1514 turns).

qw the Chopper (Tengu Warper)                       Turns: 1514, Time: 00:00:07

Health: 0/21       AC:  3    Str: 13    XL:     3   Next: 50%
Magic:  7/7        EV: 12    Int: 13    God:
Gold:   66         SH:  0    Dex: 13    Spells: 6/6 levels left

rFire   . . .      SeeInvis .   Y - +0 hand axe
rCold   . . .      Faith    .   (no shield)
rNeg    . . .      Spirit   .   b - +0 leather armour
rPois   .          Reflect  .   (helmet restricted)
rElec   .          Harm     .   (no cloak)
rCorr   .          Rampage  .   (no gloves)
Will    .....                   (boots unavailable)
Stlth   +.........              (no amulet)
HPRegen 0.07/turn               (no ring)
MPRegen 0.10/turn               (no ring)

@: no status effects
A: beak, talons 3
a: no special abilities


You were on level 2 of the Dungeon.
You visited 1 branch of the dungeon, and saw 2 of its levels.

You collected 66 gold pieces.


Innate Abilities, Weirdness & Mutations

You have a beak for a mouth.
You have claws for feet.


   Skills:
 - Level 2.0 Fighting
 + Level 4.2 Axes
 - Level 1.0 Throwing
 - Level 1.1 Armour
 - Level 2.1 Dodging
 - Level 2.0 Spellcasting
 - Level 2.4 Translocations


You had 6 spell levels left.
You didn't know any spells.
Your spell library contained the following spells:

 Spells                   Type           Power      Damage    Failure   Level
 Blink                    Tloc           14%        N/A       19%         2
 Gell's Gravitas          Tloc           7%         N/A       36%         3
 Lesser Beckoning         Tloc           7%         N/A       36%         3
 Teleport Other           Tloc           7%         N/A       36%         3
 Manifold Assault         Tloc           7%         N/A       98%         5

Inventory:

Hand Weapons
 d - a +0 whip
 Y - a +0 hand axe (weapon)
Armour
 b - a +0 leather armour (worn)
 h - a +0 ring mail
Scrolls
 a - 2 scrolls of teleportation
 c - a scroll of poison {unknown}
 e - 2 scrolls of vulnerability {unknown}
Potions
 f - a potion of curing {unknown}
 g - a potion of degeneration {unknown}

Dungeon Overview and Level Annotations

Branches:
Dungeon (2/15)

Altars:

Shops:
D:1 (


Message History

Your peck misses the ball python.
The ball python is severely wounded.
The ball python hisses angrily.
The ball python misses you. The ball python grabs you.
The ball python constricts you.
You hit the ball python.
You kill the ball python!
You closely miss the ball python. You claw the ball python.
You kill the ball python!
A bat comes into view.
You see here 12 gold pieces.
You hit the bat.
You kill the bat!
You now have 66 gold pieces (gained 12).
h - a +0 ring mail You see here a bat corpse.
A worm and a kobold come into view.
The kobold is wielding a +1 dagger of speed.
The kobold shouts!
You hit the worm. You claw the worm, but do no damage. You peck the worm.
The worm is moderately wounded.
A giant cockroach comes into view.
The worm closely misses you.
You barely miss the worm.
The worm is moderately wounded.
You hit the worm but do no damage. You claw the worm, but do no damage.
The worm is moderately wounded.
You barely miss the kobold.
The kobold hits you with a +1 dagger of speed.
The worm bites you!
You hit the worm.
The worm is heavily wounded.
You closely miss the kobold. The kobold hits you but does no damage.
The kobold misses you.
You hit the worm.
The worm is almost dead.
You hit the kobold.
You kill the kobold!
The worm bites you!
You die...

#......#...#
#...##...#
.#...#.##
##....#
#..#.### ##
#.##.%.#...
#.#.........
#.%.........
#.w@.....$..
#.....)........
#.#............
# #B.~........#
#.~}......###
..~~~..#.##
.......##.#
#..#.#### #


You could see a worm and a giant cockroach.

Vanquished Creatures
  An adder (D:2)
  2 dart slugs (D:1)
  5 ball pythons
  4 bats
  3 endoplasms
  A giant cockroach (D:1)
  A hobgoblin (D:1)
  5 kobolds
  3 frilled lizards
  2 rats
27 creatures vanquished.

Notes
Turn   | Place    | Note
-------+----------+-------------------------------------------
     0 | D:1      | qw the Tengu Warper began the quest for the Orb.
     0 | D:1      | Reached XP level 1. HP: 12/12 MP: 4/4
     0 | D:1      | 0 ||| qw: Version: 0.1-a-89-g26bdef1
     0 | D:1      | 0 ||| qw: Game counter: 1987
     0 | D:1      | 0 ||| qw: Always use a shield: true
     0 | D:1      | 0 ||| qw: God list: Okawaru
     0 | D:1      | 0 ||| qw: Allow faded altars: false
     0 | D:1      | 0 ||| qw: Do Orc after D:15 true
     0 | D:1      | 0 ||| qw: Do second Lair branch before Depths: true
     0 | D:1      | 0 ||| qw: Lair rune preference: random
     0 | D:1      | 0 ||| qw: Plans: Normal
     0 | D:1      | 0 ||| PLANNING D:1-11
    35 | D:1      | 35 ||| Stepping ~*~*~tactically~*~*~ (hiding).
   245 | D:1      | Reached XP level 2. HP: 17/17 MP: 6/6
   256 | D:1      | Reached skill level 3 in Axes
   429 | D:1      | 429 ||| Stepping ~*~*~tactically~*~*~ (hiding).
   531 | D:1      | 531 ||| Stepping ~*~*~tactically~*~*~ (hiding).
   598 | D:1      | Found Sugh's Antique Weapon Boutique.
   646 | D:1      | 646 ||| SHOPLISTING glowing flail (156 gold, have 33).
   646 | D:1      | 646 ||| SHOPLISTING runed hand axe (144 gold, have 33).
   837 | D:1      | 837 ||| Stepping ~*~*~tactically~*~*~ (stealth).
   838 | D:1      | 838 ||| Stepping ~*~*~tactically~*~*~ (stealth).
  1195 | D:1      | Reached XP level 3. HP: 19/21 MP: 7/7
  1294 | D:1      | 1294 ||| READING 3 scrolls labelled FERILY VUQA.
  1298 | D:1      | 1298 ||| READING scroll labelled YDONIQI LUGEDGHEA.
  1299 | D:1      | 1299 ||| DROPPING scroll of blinking.
  1307 | D:2      | 1307 ||| STAIRDANCE
  1318 | D:2      | Reached skill level 4 in Axes
  1318 | D:2      | 1318 ||| STAIRDANCE
  1514 | D:2      | Slain by a worm

Levels and vault maps discovered:
D:1:      saegor_arrival_simple_e, layout_loops_ring, serial_shops, shop
D:2:      layout_rooms, corexii_leaking_fountain

Skill      XL: |  1  2  3 |
---------------+----------+-----
Axes           | 3 4 |  4.2
Fighting       | |  2.0
Throwing       | |  1.0
Armour         | |  1.1
Dodging        | |  2.1
Spellcasting   | |  2.0
Translocations | |  2.4

Action                   || total
-------------------------++-------
Melee: Hand axe          ||    50
       Peck              ||     5
       Kick              ||    14
       Punch             ||     1
Throw: Boomerang         ||     7
  Use: Scroll            ||     2
Armor: Leather armour    ||    15
Dodge: Dodged            ||    20

Table legend:
 A = Non-vault XP
 B = Vault XP
 C = Vault XP percentage of total XP
 D = Non-vault monster count
 E = Vault monster count
 F = Vault count percentage of total count
                 A         B        C        D         E       F
            +---------+---------+-------+---------+---------+-------
      Total |      59 |       0 |   0.0 |      27 |       0 |   0.0
            +---------+---------+-------+---------+---------+-------
        D:1 |      35 |       0 |   0.0 |      18 |       0 |   0.0
        D:2 |      24 |       0 |   0.0 |       9 |       0 |   0.0
            +---------+---------+-------+---------+---------+-------
